 Dungeon Crawl Stone Soup version 0.22-a0-99-g1ac4c55 (webtiles) character file.

2974 zxkuqyb the Destroyer (level 9, -14/52 HPs)
             Began as a Deep Elf Fire Elementalist on Jan 25, 2018.
             Was a Follower of Vehumet.
             Demolished by a wight
             ... wielding a +5 halberd
              (17 damage)
             ... on level 8 of the Dungeon.
             The game lasted 00:46:59 (8680 turns).

zxkuqyb the Destroyer (Deep Elf Fire Elementalist)  Turns: 8680, Time: 00:47:00

Health: -14/52     AC:  9    Str:  5    XL:     9   Next: 53%
Magic:  1/23       EV: 13    Int: 24    God:    Vehumet [*.....]
Gold:   69         SH:  0    Dex: 15    Spells: 9/24 levels left

rFire    . . .     SeeInvis .   D - staff of wizardry
rCold    . . .     Gourm    .   (no shield)
rNeg     . . .     Faith    .   I - +2 robe of Satisfaction {rPois}
rPois    +         Spirit   .   C - +2 helmet
rElec    .         Reflect  .   (no cloak)
rCorr    .         Harm     .   (no gloves)
MR       .....                  q - +1 pair of boots
Stlth    ++........             (no amulet)
HPRegen  0.17/turn              (no ring)
MPRegen  0.18/turn              (no ring)

@: no status effects
A: no striking features
a: Renounce Religion


You were on level 8 of the Dungeon.
You worshipped Vehumet.
Vehumet was aware of your devotion.
You were very hungry.

You visited 2 branches of the dungeon, and saw 9 of its levels.

You collected 424 gold pieces.
You spent 355 gold pieces at shops.

Inventory:

Hand Weapons
 j - a +0 rapier
 l - a +1 trident of protection
 p - a +1 hunting sling of velocity
 G - a +0 short sword of speed
Missiles
 t - 148 stones (quivered)
 J - a throwing net
Armour
 q - a +1 pair of boots (worn)
 y - a +0 robe
 C - a +2 helmet (worn)
 I - the +2 robe of Satisfaction (worn) {rPois}
   (You bought it in a shop on level 7 of the Dungeon)

   It protects you from poison.
Magical Staves
 D - an uncursed staff of wizardry (weapon)
Jewellery
 E - an uncursed amulet of harm
Wands
 z - a wand of flame (27)
 B - a wand of clouds (11)
Scrolls
 e - 4 scrolls of amnesia {unknown}
 h - 6 scrolls of teleportation
 k - 2 scrolls of magic mapping {unknown}
 m - 2 scrolls of random uselessness {unknown}
 o - a scroll of remove curse {unknown}
 v - a scroll of immolation {unknown}
 x - 2 scrolls of fog {unknown}
 F - a scroll of blinking
 H - a scroll of torment {unknown}
Potions
 a - a potion of heal wounds
 d - 4 potions of agility
 f - 5 potions of curing
 g - 3 potions of might
 i - 2 potions of degeneration
 n - 5 potions of flight
 r - 3 potions of brilliance
 s - a potion of invisibility
 u - a potion of lignification
 w - 3 potions of haste
Books
 b - a book of Flames

   Spells                             Type                      Level
   a - Flame Tongue                   Conjuration/Fire             1
   b - Throw Flame                    Conjuration/Fire             2
   c - Conjure Flame                  Conjuration/Fire             3
   d - Inner Flame                    Hexes/Fire                   3
   e - Sticky Flame                   Conjuration/Fire             4
   f - Fireball                       Conjuration/Fire             5
 A - a book of Misfortune

   Spells                             Type                      Level
   a - Confusing Touch                Hexes                        1
   b - Confuse                        Hexes                        3
   c - Gell's Gravitas                Translocation                3
   d - Petrify                        Transmutation/Earth          4
   e - Metabolic Englaciation         Hexes/Ice                    5
   f - Yara's Violent Unravelling     Hexes/Transmutation          5
Comestibles
 c - 10 rations


   Skills:
 + Level 4.7 Fighting
 - Level 2.4 Dodging
 - Level 2.4 Stealth
 + Level 8.3 Spellcasting
 * Level 9.2 Conjurations
 + Level 7.3 Fire Magic


You had 9 spell levels left.
You knew the following spells:

 Your Spells              Type           Power        Failure   Level  Hunger
a - Flame Tongue          Conj/Fire      #####        1%          1    None
b - Throw Flame           Conj/Fire      #####.       1%          2    None
c - Conjure Flame         Conj/Fire      #####...     1%          3    None
d - Sticky Flame          Conj/Fire      #####...     1%          4    ##.....
e - Fireball              Conj/Fire      #####.....   2%          5    ####...


Dungeon Overview and Level Annotations

Branches:
Dungeon (8/15)             Temple (1/1) D:5
   Lair: D:8-11

Altars:
Ashenzari
Cheibriados
Dithmenos
Elyvilon
Fedhas
Gozag
Hepliaklqana
Kikubaaqudgha
Makhleb
Nemelex Xobeh
Okawaru
Qazlal
Ru
Sif Muna
Trog
Uskayaw
Vehumet
Wu Jian
Xom
Yredelemnul
Zin
The Shining One

Shops:
D:4 (   D:6 ?   D:7 [


Message History

You feel your power returning.
You hear a shout!
Casting: Fireball
Confirm with . or Enter, or press ? or * to list all spells.
Aiming: Fireball
Press: ? - help, Shift-Dir - straight line
Okay, then.
Things that are here:
a giant club x2
There is a stone staircase leading up here.
Casting: Fireball
Confirm with . or Enter, or press ? or * to list all spells.
Aiming: Fireball
Press: ? - help, Shift-Dir - straight line The fireball explodes!
The fireball engulfs the wight.
The wight is severely damaged.
You are feeling very hungry.
A wight comes into view. It is wielding a long sword.
The wight hits you from afar with an enchanted halberd!
You die...

... ..# ###..##+###
#...........
#...........
#...........
#...........
#)......)...
#@.z.._.....
#...........
#############)zz..##
#............###.###
#............#......
#............'.....z
#............#.O....
#............#.W..z.
#............# ....%


You could see 3 wights.

Vanquished Creatures
  A two-headed ogre (D:8)
  The ghost of dang3rdave the Conjurer, a novice TeAE of Vehumet (D:5)
  A hippogriff (D:7)
  The ghost of dang3rdave the Gusty, an amateur TeAE (D:4)
  2 hungry ghosts
  An orc warrior (D:5)
  A black bear (D:7)
  2 ogres
  A big kobold (D:7)
  2 bullfrogs (D:6)
  A water moccasin zombie (D:7)
  2 howler monkeys
  3 crimson imps
  A bullfrog zombie (D:5)
  An orc priest (D:5)
  4 hounds
  An iron imp (D:6)
  3 iguanas
  3 orc wizards (D:5)
  4 worker ants
  2 hound skeletons
  Robin (D:3)
  4 gnolls
  8 adders
  2 shadow imps (D:7)
  An ooze (D:6)
  An adder zombie (D:8)
  An adder skeleton (D:4)
  A worm (D:3)
  3 dart slugs
  3 leopard geckos
  12 orcs
  A giant cockroach (D:4)
  9 goblins
  8 hobgoblins
  8 jackals
  17 kobolds
  2 quokkas
  3 ball pythons
  11 bats
  A frilled lizard (D:3)
  A quokka skeleton (D:4)
  11 rats
147 creatures vanquished.

Notes
Turn   | Place    | Note
-------+----------+-------------------------------------------
     0 | D:1      | zxkuqyb the Deep Elf Fire Elementalist began the quest for the Orb.
     0 | D:1      | Reached XP level 1. HP: 10/10 MP: 6/6
   195 | D:1      | Reached XP level 2. HP: 10/16 MP: 5/8
   297 | D:1      | Learned a level 2 spell: Throw Flame
   460 | D:1      | Reached skill level 2 in Conjurations
   811 | D:1      | Reached XP level 3. HP: 20/20 MP: 6/9
   816 | D:1      | Learned a level 3 spell: Conjure Flame
  1291 | D:2      | Found an iron altar of Okawaru.
  1451 | D:2      | Reached skill level 1 in Fighting
  1827 | D:3      | Found a shadowy altar of Dithmenos.
  1886 | D:3      | Reached XP level 4. HP: 25/25 MP: 5/11
  1892 | D:3      | Learned a level 4 spell: Sticky Flame
  2260 | D:3      | Reached skill level 3 in Conjurations
  2719 | D:4      | Found Wutho's Weapon Emporium.
  2904 | D:4      | Reached XP level 5. HP: 29/29 MP: 4/13
  3152 | D:4      | Found a deep blue altar of Sif Muna.
  3377 | D:4      | Noticed dang3rdave's ghost (amateur TeAE)
  3430 | D:5      | Entered Level 5 of the Dungeon
  3632 | D:5      | Reached skill level 4 in Conjurations
  3666 | D:5      | Noticed a hungry ghost
  3669 | D:5      | Reached XP level 6. HP: 31/35 MP: 1/14
  4013 | D:3      | Noticed Robin
  4022 | D:3      | Killed Robin
  4660 | D:5      | Killed a hungry ghost
  4660 | D:5      | Reached skill level 5 in Spellcasting
  4813 | D:5      | Reached skill level 5 in Conjurations
  4923 | D:5      | Reached XP level 7. HP: 35/40 MP: 3/16
  5274 | D:5      | Found a staircase to the Ecumenical Temple.
  5287 | Temple   | Entered the Ecumenical Temple
  5313 | Temple   | Became a worshipper of Vehumet
  5568 | D:5      | Reached skill level 5 in Fire Magic
  5579 | D:5      | Learned a level 5 spell: Fireball
  5729 | D:5      | Noticed dang3rdave's ghost (novice TeAE)
  5933 | D:5      | Killed dang3rdave's ghost
  5933 | D:5      | Reached skill level 6 in Conjurations
  5933 | D:5      | Reached XP level 8. HP: 46/46 MP: 2/19
  6305 | D:4      | Killed dang3rdave's ghost
  6438 | D:6      | Found an ancient bone altar of Kikubaaqudgha.
  6514 | D:6      | Reached skill level 7 in Conjurations
  6596 | D:6      | Found Umauf's Magic Scroll Shop.
  6613 | D:6      | Bought a scroll of identify for 20 gold pieces
  6613 | D:6      | Bought a scroll of identify for 20 gold pieces
  6613 | D:6      | Bought a scroll of blinking for 75 gold pieces
  7028 | D:6      | Found a snail-covered altar of Cheibriados.
  8062 | D:7      | Reached * piety under Vehumet
  8062 | D:7      | Offered knowledge of Sandblast by Vehumet.
  8139 | D:7      | Noticed a hippogriff
  8151 | D:7      | Killed a hippogriff
  8151 | D:7      | Reached skill level 8 in Conjurations
  8239 | D:7      | Found Xamen's Armour Shop.
  8249 | D:7      | Reached XP level 9. HP: 44/52 MP: 17/22
  8257 | D:7      | Bought the +2 robe of Satisfaction {rPois} for 240 gold pieces
  8507 | D:8      | Found a hide-covered altar of Uskayaw.
  8564 | D:8      | Noticed a two-headed ogre
  8672 | D:8      | HP: 1/52 [two-headed ogre/giant club (22)]
  8674 | D:8      | Killed a two-headed ogre
  8674 | D:8      | Reached skill level 9 in Conjurations
  8680 | D:8      | Demolished by a wight

Vault maps used:
D:1:      lemuel_arrival_broad_hall
D:2:      okawaru_gym_becter
D:3:      grunt_dithmenos_smoke_and_mirrors, uniq_robin
D:4:      first_ration, serial_shops, shop_fountains, led_sif_pool
D:5:      minmay_temple_entry_overgrown
D:6:      kiku_gazebo_pond_becter, serial_shops, shop_statue, chei_slow_surprise
D:7:      serial_shops, kennysheep_little_box
D:8:      basic_altar, grunt_livestock, minmay_bent
Temple:   nicolae_temple_the_god_donut

Skill      XL: |  1  2  3  4  5  6  7  8  9 |
---------------+----------------------------+-----
Conjurations   | 2 3 4 5 6 8 9 |  9.2
Fighting       | 1 2 3 4 |  4.7
Spellcasting   | 4 5 6 7 8 |  8.3
Fire Magic     | 4 5 6 7 |  7.3
Dodging        | |  2.4
Stealth        | |  2.4

Action                   |  1- 3 |  4- 6 |  7- 9 || total
-------------------------+-------+-------+-------++-------
Melee: Rapier            |       |    19 |    19 ||    38
       Trident           |       |       |   139 ||   139
 Fire: Hunting sling     |       |       |    84 ||    84
 Cast: Flame Tongue      |    53 |    73 |    22 ||   148
       Throw Flame       |    16 |    21 |     8 ||    45
       Conjure Flame     |     1 |     7 |     2 ||    10
       Sticky Flame      |       |    14 |    21 ||    35
       Fireball          |       |       |    26 ||    26
Evoke: Wand              |       |       |     1 ||     1
  Use: Scroll            |       |       |    12 ||    12
  Eat: Chunk             |     3 |     4 |    13 ||    20
       Ration            |       |     3 |     2 ||     5
Armor: Robe              |     4 |    14 |   100 ||   118
Dodge: Dodged            |     8 |    42 |   170 ||   220

Table legend:
 A = Spawn XP
 B = Non-spawn XP
 C = Spawn XP percentage of total XP
 D = Spawn monster count
 E = Non-spawn monster count
 F = Spawn count percentage of total count
 G = Total turns spent on level
                    A         B        C        D         E        F      G
               +---------+---------+-------+---------+---------+-------+---------
         Total |       0 |    4249 |   0.0 |       0 |     147 |   0.0 |  8680
               +---------+---------+-------+---------+---------+-------+---------
           D:1 |       0 |      48 |   0.0 |       0 |      23 |   0.0 |   899
           D:2 |       0 |      29 |   0.0 |       0 |      14 |   0.0 |   762
           D:3 |       0 |     105 |   0.0 |       0 |      38 |   0.0 |  1481
           D:4 |       0 |     309 |   0.0 |       0 |      10 |   0.0 |  1472
           D:5 |       0 |    1135 |   0.0 |       0 |      18 |   0.0 |  1516
           D:6 |       0 |     386 |   0.0 |       0 |      13 |   0.0 |   976
           D:7 |       0 |     942 |   0.0 |       0 |      24 |   0.0 |  1250
           D:8 |       0 |    1295 |   0.0 |       0 |       7 |   0.0 |    70
               +---------+---------+-------+---------+---------+-------+---------
